 Dungeon Crawl Stone Soup version 0.30.1-11-g7821555f0a (webtiles) character file.

Game seed: 13569907317132199928

11965 RancidPinata the Fighter (level 11, -4/74 HPs)
             Began as a Gargoyle Gladiator on Dec 15, 2023.
             Was a High Priest of Okawaru.
             Slain by a freezing wraith (7 damage)
             ... on level 14 of the Dungeon on Dec 19, 2023.
             The game lasted 00:58:19 (10068 turns).

RancidPinata the Fighter (Gargoyle Gladiator)      Turns: 10068, Time: 00:58:19

Health: -4/74      AC: 22    Str: 23    XL:     11   Next: 86%
Magic:  11/11      EV: 12    Int: 14    God:    Okawaru [*****.]
Gold:   450        SH:  0    Dex: 14    Spells: 10/10 levels left

rFire   . . .        r - +10 war axe of Itaej {protect, Str+6 Dex+3}
rCold   . . .        (no shield)
rNeg    + . .        y - +0 troll leather armour {Pargi}
rPois   ∞            R - +2 hat {Stlth+}
rElec   +            (no cloak)
rCorr   .            (no gloves)
SInv    +            (no boots)
Will    .....        b - amulet of the acrobat
Stlth   ++           C - ring of see invisible
HPRegen 1.12/turn    (no ring)
MPRegen 0.12/turn

%: acrobat
@: under a protective aura
A: sickness immunity, AC +8, negative energy resistance 1, electricity
resistance, torment resistance 1, petrification resistance
a: Renounce Religion, Heroism, Finesse, Duel


You were on level 14 of the Dungeon.
You worshipped Okawaru.
Okawaru was extremely pleased with you.
You visited 2 branches of the dungeon, and saw 16 of its levels.

You collected 657 gold pieces.
You spent 207 gold pieces at shops.

Inventory:

Hand Weapons
 f - a +5 sling of electrocution
 r - the +10 war axe of Itaej (weapon) {protect, Str+6 Dex+3}
   (You found it on level 3 of the Dungeon)

   Str:       It affects your strength (+6).
   Dex:       It affects your dexterity (+3).
 L - a +4 battleaxe
Missiles
 d - a throwing net
 e - 7 javelins
 v - 85 stones
 x - 51 poisoned darts
 A - a boomerang of dispersal
 D - a curare-tipped dart
 F - 5 boomerangs (quivered)
 H - 3 silver javelins
Armour
 k - +0 steam dragon scales
 y - a +0 troll leather armour (worn) {Pargi}
 Q - a +0 tower shield
 R - a +2 hat of stealth (worn)
Jewellery
 b - an amulet of the acrobat (around neck)
 C - a ring of see invisible (left hand)
 N - a ring of flight
 S - a +5 ring of evasion
Wands
 m - a wand of mindburst (17)
 t - a wand of paralysis (7)
 E - a wand of flame (44)
 J - a wand of acid (19)
Scrolls
 a - 2 scrolls of butterflies {unknown}
 h - 5 scrolls of teleportation
 i - 3 scrolls of poison {unknown}
 j - 3 scrolls of immolation
 n - 2 scrolls of fear {unknown}
 w - 2 scrolls of blinking {unknown}
 B - 3 scrolls of magic mapping {unknown}
 G - 4 scrolls of fog
 M - 4 scrolls of enchant armour {unknown}
 O - 2 scrolls of amnesia {unknown}
 P - 3 scrolls of torment {unknown}
Potions
 c - 2 potions of cancellation {unknown}
 g - a potion of degeneration {unknown}
 l - 6 potions of curing
 o - 5 potions of mutation
 p - 3 potions of might
 q - a potion of lignification {unknown}
 s - a potion of magic {unknown}
 u - a potion of brilliance {unknown}
 z - a potion of invisibility {unknown}
 I - 4 potions of heal wounds {unknown}
 K - a potion of flight {unknown}


   Skills:
 * Level 11.1 Fighting
 * Level 8.7(9.0) Axes
 - Level 3.4(7.0) Maces & Flails
 + Level 6.6 Ranged Weapons
 + Level 6.7 Throwing
 + Level 7.7 Armour
 - Level 2.4 Dodging
 + Level 2.6 Shields


You had 10 spell levels left.
You didn't know any spells.
Your spell library contained the following spells:

 Spells                   Type           Power      Damage    Failure   Level
 Apportation              Tloc           0%         N/A       32%         1
 Freeze                   Ice            0%         1d3       32%         1
 Necrotise                Necr           0%         1d4       32%         1
 Ensorcelled Hibernation  Hex/Ice        0%         N/A       43%         2
 Passwall                 Tmut/Erth      0%         N/A       43%         2
 Static Discharge         Conj/Air       0%         2-2/arc   43%         2
 Dazzling Flash           Conj/Hex       0%         N/A       67%         3
 Frozen Ramparts          Ice            0%         1d1       67%         3
 Hailstorm                Conj/Ice       0%         3d3       67%         3
 Inner Flame              Hex/Fire       0%         N/A       67%         3
 Swiftness                Air            0%         N/A       67%         3
 Volatile Blastmotes      Fire/Tloc      0%         2d10      67%         3
 Airstrike                Air            0%         2d(0-16)  97%         4
 Iskenderun's Mystic Bla  Conj/Tloc      0%         2d3       97%         4
 Yara's Violent Unravell  Hex/Tmut       0%         3d3       100%        5
 Starburst                Conj/Fire      0%         6d3       100%        6
 Enfeeble                 Hex            0%         N/A       100%        7
 Summon Small Mammal      Summ           Unusable   N/A       N/A         1
 Summon Lightning Spire   Summ/Air       Unusable   N/A       N/A         4

Dungeon Overview and Level Annotations

Branches:
Dungeon (15/15)            Temple (1/1) D:4            Lair (0/5) D:11
 Vaults (0/5) D:13
    Orc: D:9-12      Depths: D:15

Altars:
Ashenzari
Cheibriados
Dithmenos
Elyvilon
Fedhas
Gozag
Hepliaklqana
Kikubaaqudgha
Makhleb
Nemelex Xobeh
Okawaru
Qazlal
Ru
Sif Muna
Trog
Uskayaw
Vehumet
Wu Jian
Xom
Yredelemnul
Zin
The Shining One

Shops:
D:7 *   D:9 =*![(   D:10 (

Annotations:
D:7 2 transporters
D:9 2 transporters, monsoonserge's ghost, novice DsWr


Innate Abilities, Weirdness & Mutations

You are immune to sickness and miasma.
Your stone body is resilient. (AC +8)
You are immune to poison.
You resist negative energy. (rN+)
You are resistant to electric shocks. (rElec)
You are resistant to unholy torment.
You are immune to petrification.


Message History

The freezing wraith hits you but does no damage. x4
You barely miss the freezing wraith.
The freezing wraith is lightly damaged.
The freezing wraith barely misses you. The freezing wraith hits you!
You closely miss the freezing wraith.
The freezing wraith is lightly damaged.
The freezing wraith hits you but does no damage. x2
The freezing wraith hits you. The freezing wraith freezes you!!
The freezing wraith hits you but does no damage.
You closely miss the freezing wraith.
The freezing wraith is lightly damaged.
The freezing wraith hits you but does no damage.
The freezing wraith barely misses you.
You slash the freezing wraith!
Your weapon exudes an aura of protection.
The freezing wraith is heavily damaged.
The freezing wraith hits you but does no damage. x2
The freezing wraith barely misses you.
The freezing wraith hits you but does no damage.
You closely miss the freezing wraith.
The freezing wraith is moderately damaged.
You feel yourself speed up. The freezing wraith hits you.
The freezing wraith freezes you!! The freezing wraith barely misses you.
You slice the freezing wraith!!
Your weapon exudes an aura of protection.
The freezing wraith is almost destroyed.
The freezing wraith hits you but does no damage. x2
You hit the freezing wraith but do no damage.
The freezing wraith is almost destroyed.
The freezing wraith barely misses you. The freezing wraith closely misses you.
You barely miss the freezing wraith.
The freezing wraith is almost destroyed.
The freezing wraith hits you.
* * * LOW HITPOINT WARNING * * *
The freezing wraith freezes you!
* * * LOW HITPOINT WARNING * * *
The freezing wraith hits you but does no damage. x2
The freezing wraith hits you!
You die...

.. #. .# .. # #.
.# #. ###.##### ..
##.#### #..W.....
#..#..<..#
####W### #...?...#
#....@.#
###.....###.####.#
#....>#...##...#
#.......####.###
#.....### #.
####### #


You could see a freezing wraith.

Vanquished Creatures
  4 two-headed ogres
  An ugly thing (D:11)
  A manticore (D:11)
  2 gargoyles
  A kobold demonologist (D:9)
  2 trolls (D:11)
  A shadow (D:10)
  14 yaks
  A wraith (D:11)
  5 steam dragons
  A wyvern (D:9)
  A basilisk (D:11)
  2 wargs (D:11)
  A water moccasin (D:8)
  5 orc warriors
  Pargi (D:3)
  2 black bears
  An ice beast (D:7)
  2 ogres
  5 centaurs
  6 kobold brigands
  5 bullfrogs
  4 scorpions
  3 wights (D:7)
  3 killer bees (D:6)
  3 howler monkeys
  2 jellies (D:5)
  A gnoll bouda (D:4)
  11 orc priests
  3 hounds
  A sleepcap (D:5)
  14 orc wizards
  Natasha (thrice) (D:3)
  2 iguanas (D:5)
  5 gnolls (D:4)
  9 adders
  A shadow imp (D:5)
  4 white imps
  3 ufetubi (D:5)
  A worm (D:3)
  34 orcs
  6 endoplasms
  4 giant cockroaches
  6 goblins
  4 hobgoblins
  9 jackals
  24 kobolds
  2 quokkas
  9 ball pythons
  5 bats
  2 frilled lizards
  6 rats
248 creatures vanquished.

Vanquished Creatures (others)
  A sky beast (D:7)
1 creature vanquished.

Grand Total: 249 creatures vanquished

Notes
Turn   | Place    | Note
-------+----------+-------------------------------------------
     0 | D:1      | RancidPinata the Gargoyle Gladiator began the quest for the
                  | Orb.
     0 | D:1      | Reached XP level 1. HP: 12/12 MP: 1/1
   124 | D:1      | Reached XP level 2. HP: 18/18 MP: 2/2
   365 | D:1      | Reached skill level 1 in Armour
   468 | D:1      | Reached XP level 3. HP: 22/22 MP: 3/3
   799 | D:2      | Reached skill level 3 in Fighting
  1483 | D:2      | Reached XP level 4. HP: 28/28 MP: 4/4
  1657 | D:3      | Identified the +10 war axe of Itaej {protect, Str+6 Dex+3}
  1678 | D:3      | Noticed an ogre
  1682 | D:3      | Reached skill level 1 in Ranged Weapons
  1686 | D:3      | Killed an ogre
  1687 | D:3      | Reached skill level 4 in Fighting
  1687 | D:3      | Reached skill level 1 in Axes
  1687 | D:3      | Reached XP level 5. HP: 33/33 MP: 5/5
  1853 | D:3      | Noticed Pargi
  1866 | D:3      | Killed Pargi
  1867 | D:3      | Reached XP level 6. HP: 29/39 MP: 6/6
  1945 | D:3      | Noticed Natasha
  1952 | D:3      | Killed Natasha
  2073 | D:3      | Noticed Natasha
  2079 | D:3      | Killed Natasha
  2221 | D:3      | Noticed Natasha
  2228 | D:3      | Killed Natasha
  2320 | D:4      | Found a staircase to the Ecumenical Temple.
  2329 | Temple   | Entered the Ecumenical Temple
  2351 | Temple   | Became a worshipper of Warmaster Okawaru
  2415 | D:4      | Reached XP level 7. HP: 44/44 MP: 7/7
  2517 | D:4      | Identified the +0 leather armour "Olec" {Int+4}
  2667 | D:4      | Found a glowing silver altar of Zin.
  2668 | D:4      | Found an opulent altar of Gozag.
  2915 | D:4      | Reached skill level 5 in Fighting
  2984 | D:5      | Entered Level 5 of the Dungeon
  3077 | D:5      | Reached * piety under Okawaru
  3161 | D:5      | Reached XP level 8. HP: 51/51 MP: 8/8
  3320 | D:5      | Found a shadowy altar of Dithmenos.
  3520 | D:5      | Reached skill level 6 in Fighting
  3624 | D:6      | Found a burning altar of Makhleb.
  3681 | D:6      | Found an ornate altar of the Wu Jian Council.
  3858 | D:6      | Reached ** piety under Okawaru
  4167 | D:6      | Found a shimmering altar of Xom.
  4271 | D:7      | Reached skill level 7 in Fighting
  4271 | D:7      | Reached XP level 9. HP: 57/57 MP: 9/9
  4311 | D:7      | Found Bavom's Neck Hole.
  4395 | D:7      | Found a transporter.
  4401 | D:7      | Reached skill level 5 in Axes
  4441 | D:7      | Found a sacrificial altar of Ru.
  4452 | D:7      | Reached *** piety under Okawaru
  4460 | D:7      | Found a shimmering blue altar of Sif Muna.
  4460 | D:7      | Found a hide-covered altar of Uskayaw.
  4461 | D:7      | Found a bloodstained altar of Trog.
  4582 | D:7      | Reached skill level 5 in Armour
  4742 | D:7      | Noticed an ancient zyme
  4806 | D:7      | Found a transporter.
  5175 | D:7      | Reached skill level 8 in Fighting
  5269 | D:9      | Found Duedol's Antique Weapon Boutique.
  5306 | D:9      | Reached **** piety under Okawaru
  5307 | D:9      | Reached skill level 5 in Throwing
  5313 | D:9      | Reached XP level 10. HP: 53/65 MP: 10/10
  5453 | D:9      | Found Asuiskyvyss's Antique Armour Shoppe.
  5530 | D:8      | Reached skill level 5 in Ranged Weapons
  5799 | D:8      | Reached skill level 9 in Fighting
  6090 | D:8      | Noticed a two-headed ogre
  6095 | D:8      | Killed a two-headed ogre
  6427 | D:8      | Reached ***** piety under Okawaru
  7013 | D:9      | Noticed a two-headed ogre
  7015 | D:9      | Noticed monsoonserge's ghost (novice DsWr)
  7017 | D:9      | Found a transporter.
  7022 | D:9      | Found a transporter.
  7023 | D:9      | Noticed a boulder beetle
  7024 | D:9      | Noticed a two-headed ogre
  7031 | D:9      | Noticed an unseen horror
  7112 | D:9      | Found Nurojet's Distillery.
  7117 | D:9      | Bought a potion of curing for 33 gold pieces
  7117 | D:9      | Bought a potion of curing for 33 gold pieces
  7121 | D:9      | Found Elistuih's General Store.
  7127 | D:9      | Bought a scroll of identify for 30 gold pieces
  7127 | D:9      | Bought 3 poisoned darts for 27 gold pieces
  7127 | D:9      | Bought 6 poisoned darts for 54 gold pieces
  7127 | D:9      | Bought a scroll of identify for 30 gold pieces
  7135 | D:9      | Found Ifraixis's Jewellery Boutique.
  7266 | D:10     | Entered Level 10 of the Dungeon
  7375 | D:10     | Noticed a kobold demonologist
  7400 | D:10     | Noticed a soul eater
  7407 | D:9      | Killed a kobold demonologist
  7620 | D:10     | Noticed a two-headed ogre
  7720 | D:9      | Killed a two-headed ogre
  7720 | D:9      | Received a gift from Okawaru
  7721 | D:9      | Reached skill level 10 in Fighting
  7721 | D:9      | Reached XP level 11. HP: 66/72 MP: 8/11
  7821 | D:10     | Found Cacearo's Weapon Shoppe.
  8484 | D:11     | Found a staircase to the Lair.
  8493 | D:11     | Received a gift from Okawaru
  8562 | D:11     | Noticed a green ugly thing
  8884 | D:11     | Reached skill level 1 in Shields
  8939 | D:11     | Noticed a manticore
  8954 | D:11     | Killed a manticore
  9450 | D:11     | Killed a green ugly thing
  9667 | D:12     | You fall into a shaft and drop 3 floors!
  9667 | D:15     | Entered Level 15 of the Dungeon
  9681 | D:15     | Noticed a deep elf pyromancer
  9703 | D:15     | Noticed a white ugly thing
  9715 | D:15     | Noticed a white ugly thing
  9715 | D:15     | Noticed a white ugly thing
  9769 | D:15     | Noticed a two-headed ogre
  9772 | D:15     | Noticed a two-headed ogre
  9772 | D:15     | Noticed an ogre mage
  9772 | D:15     | Noticed a two-headed ogre
  9884 | D:15     | Killed a two-headed ogre
  9885 | D:15     | Reached skill level 11 in Fighting
  9892 | D:15     | Noticed a white ugly thing
  9925 | D:13     | Noticed a two-headed ogre
  9932 | D:13     | Killed a two-headed ogre
  9998 | D:13     | Found a gate to the Vaults.
  9998 | D:13     | Noticed a deep elf pyromancer
  9998 | D:13     | Noticed a vault guard
  9998 | D:13     | Noticed a vault guard
  9998 | D:13     | Noticed a vault guard
  9998 | D:13     | Noticed a two-headed ogre
  9998 | D:13     | Noticed a vault guard
 10009 | D:13     | Noticed a centaur warrior
 10010 | D:13     | Noticed a deep elf pyromancer
 10013 | D:13     | You fall into a shaft and drop 2 floors!
 10027 | D:15     | Noticed a green ugly thing
 10027 | D:15     | Noticed a green ugly thing
 10027 | D:15     | Noticed a green ugly thing
 10027 | D:15     | Noticed a green ugly thing
 10027 | D:15     | Noticed a green ugly thing
 10027 | D:15     | Noticed a green ugly thing
 10068 | D:14     | HP: 3/74 [freezing wraith (17)]
 10068 | D:14     | Slain by a freezing wraith

Illustrated notes

Levels and vault maps discovered:
D:1:      dpeg_arrival_radiant, layout_basic, minivault_11,
          minmay_misc_feat_alley, st_stairs_13
D:2:      layout_basic
D:3:      layout_rooms, uniq_pargi, uniq_natasha
D:4:      nicolae_cairo_tiling_large_dashed, layout_gridville,
          grunt_temple_overflow_gold_and_silver, minmay_temple_entry_water_ring,
          minivault_5
D:5:      kennysheep_spiral_hall, layout_rooms, mainiacjoe_overflow_boulevard
D:6:      layout_basic, nicolae_overflow_crystal_walls,
          mainiacjoe_overflow_catwalk_spiral
D:7:      layout_cave_pools, chequers_temple_overflow_statue_of_worship,
          gammafunk_ghost_abyssal_escape, nicolae_shop_sticking_my_neck_out
D:8:      layout_loops_corners, nicolae_nh_ransacked_shop
D:9:      layout_basic, serial_shops, nicolae_shop_tiny_glass,
          kennysheep_little_box, kennysheep_mini_moat, shop, shop,
          nzn_ghost_randoct, roderic_serpentine_path
D:10:     layout_long_grid, serial_shops, nicolae_lakefront_shop
D:11:     layout_cave_pods, erik_lair_orcish_takeover,
          eino_small_chamber_without_monster, hangedman_decor_clover_reticule,
          kennysheep_generic_room_14
D:12:     layout_irregular_city, orc_david_3, elyvilon_altar_1
D:13:     layout_basic, lightli_vaults_fourway_checkpoint
D:14:     layout_roguey, minmay_tree_intersection, uniq_lodul
D:15:     grunt_enter_depths_hoard, layout_stronghold, patterned_corridor,
          minmay_fire_ice_demons
Temple:   nicolae_temple_ecumenical_triangle

Skill      XL: |  1  2  3  4  5  6  7  8  9 10 11 |
---------------+----------------------------------+-----
Throwing       | 2 3 4 5 6 |  6.7
Armour         | 1 2 3 4 5 6 7 |  7.7
Fighting       | 3 4 5 7 8 10 11 | 11.1
Ranged Weapons | 1 2 3 4 5 6 |  6.6
Axes           | 1 2 3 4 6 7 8 |  8.7
Shields        | 2 |  2.6
Maces & Flails | |  3.4
Dodging        | |  2.4

Action                     |  1- 3 |  4- 6 |  7- 9 | 10-12 || total
---------------------------+-------+-------+-------+-------++-------
  Melee: Flail             |   115 |    31 |       |       ||   146
         War axe           |       |    44 |   222 |   262 ||   528
         Punch             |       |     1 |     3 |     5 ||     9
   Fire: Sling             |     3 |     2 |    32 |    22 ||    59
  Throw: Stone             |    16 |       |       |       ||    16
         Throwing net      |       |     3 |       |     2 ||     5
         Javelin           |       |     3 |       |     7 ||    10
 Invoke: Heroism           |       |       |       |     4 ||     4
         Finesse           |       |       |       |     1 ||     1
    Use: Scroll            |       |       |     6 |     9 ||    15
         Potion            |       |       |     1 |       ||     1
   Stab: Held in net/web   |       |     1 |       |     2 ||     3
 Armour: Leather armour    |    37 |       |       |       ||    37
         Ring mail         |    44 |    30 |       |       ||    74
         Troll leather arm |       |     7 |   136 |   142 ||   285
  Dodge: Dodged            |   123 |    61 |   172 |   216 ||   572
